 Dungeon Crawl Stone Soup version 0.28.0-53-g5a82cb258f (webtiles) character file.

Game seed: 10530480256578408601

1816 ASIMItheHERO the Grappler (level 8, -3/66 HPs)
             Began as a Black Draconian Transmuter on June 30, 2022.
             Was an Initiate of Makhleb.
             Slain by Descartes's ghost (9 damage)
             ... on level 4 of the Dungeon on July 1, 2022.
             The game lasted 00:30:03 (6924 turns).

ASIMItheHERO the Grappler (DrTm)                    Turns: 6924, Time: 00:30:04

Health: -3/66      AC:  6    Str: 15    XL:     8   Next: 85%
Magic:  0/13       EV: 13    Int: 14    God:    Makhleb [......]
Gold:   241        SH:  0    Dex: 11    Spells: 11/15 levels left

rFire   x . .      SeeInvis .     - Unarmed
rCold   + . .      Faith    .   (no shield)
rNeg    + . .      Spirit   +   (armour unavailable)
rPois   .          Reflect  .   (helmet currently unavailable)
rElec   +          Harm     .   (no cloak)
rCorr   .          Rampage  .   (no gloves)
Will    .....                   (boots currently unavailable)
Stlth   ++........              d - amulet of guardian spirit
HPRegen 0.21/turn               w - ring of positive energy
MPRegen 0.13/turn               B - ring of ice

@: appendages
A: horns 2, talons 2, breathe lightning, AC +6, unfitting armour, electricity
resistance, cold-blooded, low MP 1, no potion heal 1
a: Breathe Lightning, End Transformation, Renounce Religion


You were on level 4 of the Dungeon.
You worshipped Makhleb.
Makhleb was noncommittal.
You had temporarily grown beastly horns and talons.
You visited 2 branches of the dungeon, and saw 6 of its levels.

You collected 241 gold pieces.

Inventory:

Hand Weapons
 b - the +11 falchion of the Land of Plenty {venom, +Blink rPois rF+}
   (You took it off a kobold on level 4 of the Dungeon)

   It poisons the flesh of those it strikes.
   rF:        It protects you from fire.
   rPois:     It protects you from poison.
   +Blink:    It lets you blink.
 x - a +0 dagger
Missiles
 f - a throwing net
 p - a boomerang
 q - 13 poisoned darts
 r - 36 arrows
 s - 130 stones
Magical Staves
 n - a staff of earth
Jewellery
 d - an amulet of guardian spirit (around neck)
 w - a ring of positive energy (left hand)
 B - a ring of ice (right hand)
Wands
 v - a wand of flame (28)
 y - a wand of iceblast (9)
Scrolls
 a - a scroll of enchant weapon {unknown}
 e - 4 scrolls of identify
 g - a scroll of amnesia {unknown}
 j - a scroll of immolation {unknown}
 l - a scroll of fear
 o - a scroll of teleportation {unknown}
 t - a scroll of vulnerability
 u - a scroll of silence
 z - a scroll of torment {unknown}
 A - a scroll of fog {unknown}
Potions
 c - a potion of curing
 i - 3 potions of degeneration
 k - 2 potions of mutation


   Skills:
 + Level 3.7 Fighting
 - Level 0.1 Long Blades
 + Level 4.4 Dodging
 - Level 1.3 Stealth
 + Level 8.5 Unarmed Combat
 + Level 4.3 Spellcasting
 + Level 4.2 Transmutations
 + Level 0.1 Poison Magic


You had 11 spell levels left.
You knew the following spells:

 Your Spells              Type           Power      Damage    Failure   Level
a - Beastly Appendage     Tmut           28%        N/A       3%          1
b - Wereblood             Tmut           14%        N/A       4%          2
c - Sting                 Tmut/Pois      36%        1d4       8%          1

Your spell library contained the following spells:

 Spells                   Type           Power      Damage    Failure   Level
 Spider Form              Tmut/Pois      9%         N/A       22%         3
 Poisonous Vapours        Pois/Air       6%         N/A       28%         2
 Ice Form                 Ice/Tmut       13%        N/A       61%         4
 Olgreb's Toxic Radiance  Pois           3%         N/A       87%         4


Dungeon Overview and Level Annotations

Branches:
Dungeon (5/15)             Temple (1/1) D:4

Altars:
Ashenzari
Cheibriados
Dithmenos
Elyvilon
Fedhas
Gozag
Hepliaklqana
Makhleb
Nemelex Xobeh
Okawaru
Qazlal
Ru
Sif Muna
Trog
Uskayaw
Vehumet
Wu Jian
Xom
Yredelemnul
Zin
The Shining One

Shops:
D:2 (   D:5 [:

Annotations:
D:4 Descartes's ghost, novice FeMo


Innate Abilities, Weirdness & Mutations

You have temporarily grown beastly horns and talons.
You can breathe wild blasts of lightning.
Your glossy black scales are hard. (AC +6)
You cannot fit into any form of body armour.
You are resistant to electric shocks. (rElec)
You are cold-blooded and may be slowed by cold attacks.
Your magical capacity is low. (-10% MP)
Potions are less effective at restoring your health.


Message History

Your system partially rejects the healing.
You feel better. Descartes's ghost hits you.
* * * LOW HITPOINT WARNING * * *
Your system partially rejects the healing.
You feel much better.
Descartes's ghost hits you but does no damage.
You miss Descartes's ghost.
Descartes's ghost is lightly damaged.
Descartes's ghost hits you but does no damage.
You miss Descartes's ghost. Your punch misses Descartes's ghost.
Descartes's ghost is lightly damaged.
Descartes's ghost barely misses you.
You barely miss Descartes's ghost.
Descartes's ghost is lightly damaged.
Descartes's ghost barely misses you.
You closely miss Descartes's ghost.
Descartes's ghost is lightly damaged.
Descartes's ghost hits you!
* * * LOW HITPOINT WARNING * * *
You cannot cast spells when silenced!
You cannot cast spells when silenced!
Your hearing returns.
Descartes's ghost hits you!
* * * LOW HITPOINT WARNING * * *
You climb upwards.
There is a stone staircase leading down here.
You have got your breath back.
Descartes's ghost says very slowly, "There's no hope."
You feel your willpower return.
Casting: Beastly Appendage (safe; 3% risk of failure)
Confirm with . or Enter, or press ? or * to list all spells.
You grow a pair of large bovine horns.
Your feet morph into talons.
Descartes's ghost hits you!
* * * LOW HITPOINT WARNING * * *
You miss Descartes's ghost.
Descartes's ghost is lightly damaged.
You miss Descartes's ghost.
Descartes's ghost is lightly damaged.
Descartes's ghost hits you!
You die...

######## #.)....#
#.####'###
######'##.....## ###
...............###.#
.......(....>....#.#
#########
...................#
#......<#
............>.##W#.#
#.#######
..............##@#.#
#.#
...........#####.#.#
#.#
.........#######.#.#
#.#
...............#.#.#
#.#
##'######.####.#.#.#
#.# #.# #.# #.#.#.#
#.# ##)### #.#
#.#.#.# #.# ##.#.#
#.####.#.#.# #.#
').#.####........#.#
#)#


You could see Descartes's ghost.

Vanquished Creatures
  Pikel (D:5)
  Sigmund (D:3)
  A black bear (D:5)
  2 ogres (D:4)
  A necrophage (D:5)
  A lemure (D:5)
  A kobold brigand (D:4)
  2 water moccasin zombies
  2 scorpions
  A water moccasin skeleton (D:5)
  A bullfrog zombie (D:5)
  2 orc priests
  2 jellies
  A bullfrog skeleton (D:5)
  2 iguanas (D:4)
  An orc wizard (D:4)
  8 gnolls (D:3)
  A howler monkey skeleton (D:5)
  3 adders
  A shadow imp (D:5)
  An ufetubus (D:5)
  2 worms (D:2)
  A dart slug (D:5)
  18 orcs
  10 endoplasms
  6 giant cockroaches
  9 goblins
  8 hobgoblins
  7 jackals (D:1)
  9 kobolds
  A quokka (D:1)
  7 ball pythons
  4 bats
  3 frilled lizards (D:1)
  12 rats
133 creatures vanquished.

Notes
Turn   | Place    | Note
-------+----------+-------------------------------------------
     0 | D:1      | ASIMItheHERO the Draconian Transmuter began the quest for
                  | the Orb.
     0 | D:1      | Reached XP level 1. HP: 16/16 MP: 3/3
     1 | D:1      | Found a runed translucent door.
   138 | D:1      | Reached XP level 2. HP: 23/23 MP: 5/5
   375 | D:1      | Found a faded altar of an unknown god.
  1075 | D:1      | Reached XP level 3. HP: 25/28 MP: 4/6
  1249 | D:2      | Found Qaanach's Antique Weapon Emporium.
  1336 | D:2      | Reached skill level 4 in Unarmed Combat
  1336 | D:2      | Reached XP level 4. HP: 34/35 MP: 5/7
  2170 | D:3      | Noticed Sigmund
  2453 | D:3      | HP: 1/35 [something/magic dart (7)]
  2771 | D:3      | Killed Sigmund
  2772 | D:3      | Reached XP level 5. HP: 33/41 MP: 7/9
  2950 | D:3      | Reached skill level 5 in Unarmed Combat
  2955 | D:3      | Reached XP level 6. HP: 34/48 MP: 10/10
  3128 | D:3      | Learned a level 2 spell: Wereblood
  3130 | D:3      | Learned a level 1 spell: Sting
  3222 | D:3      | Reached skill level 1 in Stealth
  4097 | D:4      | Reached skill level 6 in Unarmed Combat
  4097 | D:4      | Your scales start taking on a glossy black colour.
  4097 | D:4      | Reached XP level 7. HP: 33/55 MP: 9/11
  4097 | D:4      | Gained mutation: You are resistant to electric shocks.
                  | (rElec) [Black Draconian growth]
  4235 | D:4      | Found a hide-covered altar of Uskayaw.
  5022 | D:4      | Identified the +11 falchion of the Land of Plenty {venom,
                  | +Blink rPois rF+}
  5160 | D:4      | Found a staircase to the Ecumenical Temple.
  5166 | Temple   | Entered the Ecumenical Temple
  5415 | Temple   | Became a worshipper of Makhleb the Destroyer
  5712 | D:5      | Entered Level 5 of the Dungeon
  5712 | D:5      | Found Uklipn's Armour Shoppe.
  5745 | D:5      | Reached skill level 7 in Unarmed Combat
  5819 | D:5      | Noticed Pikel
  5835 | D:5      | Killed Pikel
  5836 | D:5      | Reached XP level 8. HP: 36/63 MP: 11/14
  6053 | D:5      | Noticed Descartes's ghost (novice FeMo)
  6091 | D:5      | Reached skill level 8 in Unarmed Combat
  6128 | D:5      | Found a runed translucent gate.
  6128 | D:5      | Found a runed translucent gate.
  6152 | D:5      | Found a runed translucent gate.
  6429 | D:5      | Found Qiak's Self-Improvement Boutique.
  6870 | D:5      | Gained mutation: Your magical capacity is low. (-10% MP)
                  | [potion of mutation]
  6870 | D:5      | Gained mutation: Potions are less effective at restoring
                  | your health. [potion of mutation]
  6924 | D:4      | Slain by Descartes's ghost

Illustrated notes

Levels and vault maps discovered:
D:1:      dpeg_arrival_caged_fury, layout_basic,
          hellmonk_ecumenical_altar_leap_of_faith, minmay_misc_feat_cross,
          minivault_5
D:2:      layout_basic, serial_shops, shop, minmay_pentomino_u2
D:3:      layout_loops_ring, uniq_sigmund
D:4:      layout_basic, nicolae_uskayaw_suspiria,
          minmay_temple_entry_glassed_door
D:5:      layout_loops_ring, serial_shops, shop, gammafunk_ghost_split,
          nicolae_shop_self_help, uniq_pikel
Temple:   mainiacjoe_temple_starburst

Skill      XL: |  1  2  3  4  5  6  7  8 |
---------------+-------------------------+-----
Dodging        | 2 3 4 |  4.4
Unarmed Combat | 4 5 6 7 8 |  8.5
Fighting       | 2 3 |  3.7
Stealth        | 1 |  1.3
Spellcasting   | 3 4 |  4.3
Transmutations | 3 4 |  4.2
Long Blades    | |  0.1
Poison Magic   | |  0.1

Action                   |  1- 3 |  4- 6 |  7- 9 || total
-------------------------+-------+-------+-------++-------
Melee: Unarmed           |   124 |   206 |   160 ||   490
       Tailslap          |    16 |    31 |    30 ||    77
       Kick              |    15 |    32 |    21 ||    68
       Headbutt          |     7 |    16 |    13 ||    36
       Punch             |     3 |     2 |     8 ||    13
       Falchion          |       |       |    25 ||    25
 Cast: Beastly Appendage |    11 |    15 |    14 ||    40
       Sting             |       |     4 |       ||     4
       Wereblood         |       |     1 |     2 ||     3
 Abil: Breathe Lightning |       |       |     1 ||     1
  Use: Potion            |       |       |     6 ||     6
       Scroll            |       |       |     4 ||     4
 Stab: Sleeping          |       |     1 |     2 ||     3
Armor: Skin              |    49 |    42 |    41 ||   132
Dodge: Dodged            |    92 |    97 |    88 ||   277
